 Dungeon Crawl Stone Soup version 0.26-b1-52-g61e05abef2 (webtiles) character file.

Game seed: 1519349633833442917

3631 raceaflais the Cleaver (level 9, -4/81 HPs)
             Began as a Minotaur Berserker on Jan 7, 2021.
             Was an Elder of Trog.
             Killed by the air
             ... invoked by Gastronok
              (33 damage)
             ... on level 8 of the Dungeon.
             The game lasted 00:21:00 (9148 turns).

raceaflais the Cleaver (Minotaur Berserker)         Turns: 9148, Time: 00:21:02

Health: -4/81      AC: 10    Str: 24    XL:     9   Next: 87%
Magic:  8/8        EV: 14    Int:  4    God:    Trog [****..]
Gold:   677        SH:  0    Dex: 19    Spells: 8/8 levels left

rFire    + . .     SeeInvis .   x - +0 war axe
rCold    . . .     Faith    .   (no shield)
rNeg     . . .     Spirit   .   S - +2 scale mail {rF+}
rPois    .         Reflect  .   (helmet restricted)
rElec    .         Harm     .   I - +0 cloak
rCorr    .         Rampage  .   (no gloves)
Will     .....                  (no boots)
Stlth    ++........             (no amulet)
HPRegen  0.23/turn              s - +6 ring of dexterity
MPRegen  0.11/turn              (no ring)

@: hasted, very quick
A: retaliatory headbutt, horns 2, agile 1, mutation resistance 1
a: Renounce Religion, Berserk, Trog's Hand, Brothers in Arms


You were on level 8 of the Dungeon.
You worshipped Trog.
Trog was greatly pleased with you.
You visited 1 branch of the dungeon, and saw 8 of its levels.
You also visited: Ossuary.

You collected 677 gold pieces.

Inventory:

Hand Weapons
 a - a +0 hand axe
 d - a +0 short sword of draining
 n - a +2 falchion of distortion
 v - a +0 flail of protection
 x - a +0 war axe (weapon)
 z - a +2 vampiric spear
 O - a +1 vorpal rapier
 Q - a +2 falchion of holy wrath
Missiles
 c - 5 silver boomerangs (quivered)
 e - 46 arrows
 g - 25 bolts
 j - 244 stones
 A - 25 poisoned darts
 M - 7 boomerangs
 N - 56 sling bullets
Armour
 o - a +2 robe of willpower
 E - a +0 plate armour
 I - a +0 cloak (worn)
 S - a +2 scale mail of fire resistance (worn)
Jewellery
 b - an uncursed ring of teleportation
 s - a +6 ring of dexterity (left hand)
Wands
 u - a wand of paralysis (13)
 w - a wand of acid (12)
 P - a wand of flame (18)
 U - a wand of disintegration (14)
Scrolls
 h - 2 scrolls of magic mapping
 i - 3 scrolls of remove curse
 k - 5 scrolls of identify
 l - a scroll of noise {unknown}
 m - a scroll of immolation {unknown}
 q - 2 scrolls of enchant weapon {unknown}
 t - a scroll of fear {unknown}
 y - 3 scrolls of enchant armour {unknown}
 C - 3 scrolls of amnesia {unknown}
 F - a scroll of blinking {unknown}
 L - a scroll of random uselessness {unknown}
 R - a scroll of teleportation {unknown}
Potions
 f - 2 potions of attraction
 B - 2 potions of haste
 D - a potion of invisibility {unknown}
 J - a potion of berserk rage {unknown}
 K - a potion of resistance {unknown}
 T - a potion of degeneration {unknown}
 V - 2 potions of cancellation {unknown}


   Skills:
 + Level 8.1 Fighting
 + Level 11.8 Axes
 + Level 2.5 Throwing
 + Level 4.7 Armour
 + Level 5.9 Dodging
 + Level 4.4 Stealth


You had 8 spell levels left.
You didn't know any spells.
Your spell library was empty.

Dungeon Overview and Level Annotations

Branches:
Dungeon (8/15)             Temple (0/1) D:4            Lair (0/6) D:8
Ossuary (visited)

Altars:
Makhleb
Nemelex Xobeh
Uskayaw
The Shining One

Annotations:
D:8 Gastronok


Innate Abilities, Weirdness & Mutations

You reflexively headbutt those who attack you in melee.
You have a pair of horns on your head.
You are agile. (Dex +2)
You are somewhat resistant to further mutation.


Message History

Beogh smites you!
The orc priest calls down the wrath of Beogh upon you.
Beogh smites you!
* * * LOW HITPOINT WARNING * * *
The white imp puffs mist at you.
You are too injured to fight recklessly!
You are too injured to fight recklessly!
You are too injured to fight recklessly!
You feel yourself speed up.
You feel better.
The orc priest hits you but does no damage.
The white imp gestures at you.
The puff of frost hits you but does no damage.
A gnoll and an ufetubus come into view.
The gnoll shouts!
The white imp gestures at you.
The puff of frost hits you but does no damage.
Gastronok waves his eye-stalks in wide circles.
The air twists around and strikes you!!
You die...

##... #.g.. ....O.....#
##.... ..........##
#..... #....O...$#
#..... #.........#
##.....####........##
#...............?...#
#......@..5..!......##
....5.#..o....#......##
..... #.......w........
..#...........#........
[....#........#...#....
..#. #$..........?.#.##
# # ##..........#...<.
#.............?..
############.....


You could see Gastronok, a two-headed ogre (wandering), an orc priest, a gnoll,
a white imp and an ufetubus (wandering).

Vanquished Creatures
  A komodo dragon (D:8)
  Grinder (D:4)
  Eustachio (D:6)
  Menkaure (D:5)
  A black bear (D:7)
  Purgy (D:4)
  An ice beast (D:7)
  An orc warrior (D:5)
  2 sky beasts (D:5)
  3 ogres
  A centaur (D:7)
  4 bullfrogs
  A killer bee (D:5)
  A howler monkey (D:6)
  4 wights (D:8)
  2 centaur zombies (D:7)
  A bullfrog zombie (D:5)
  3 hounds
  2 jellies
  2 quasits (D:7)
  3 bullfrog skeletons (D:5)
  5 orc priests
  6 orc wizards
  Ijyb (D:3)
  Jessica (D:2)
  An iguana (D:6)
  12 worker ants
  8 mummies (Ossuary)
  12 adders
  4 white imps
  An ufetubus (D:6)
  2 adder zombies
  5 worms
  4 dart slugs
  5 leopard geckos
  37 orcs
  2 ball pythons
  10 giant cockroaches
  8 goblins
  13 hobgoblins
  8 jackals
  4 quokkas
  13 bats
  7 frilled lizards
  A hobgoblin zombie (Ossuary)
  7 kobolds
  5 kobold zombies (Ossuary)
  2 orc zombies (Ossuary)
  3 quokka skeletons
  A quokka zombie (D:4)
  5 rats
  A rat zombie (D:4)
  4 butterflies (D:5)
235 creatures vanquished.

Vanquished Creatures (others)
  5 plants (D:8)
5 creatures vanquished.

Grand Total: 240 creatures vanquished

Notes
Turn   | Place    | Note
-------+----------+-------------------------------------------
     0 | D:1      | raceaflais the Minotaur Berserker began the quest for the
                  | Orb.
     0 | D:1      | Reached XP level 1. HP: 19/19 MP: 0/0
   128 | D:1      | Reached skill level 4 in Axes
   128 | D:1      | Reached XP level 2. HP: 27/27 MP: 1/1
   694 | D:1      | Reached XP level 3. HP: 29/33 MP: 2/2
  1113 | D:1      | Reached ** piety under Trog
  1331 | D:2      | Noticed Jessica
  1342 | D:2      | Killed Jessica
  1343 | D:2      | Reached skill level 5 in Axes
  1343 | D:2      | Reached XP level 4. HP: 23/41 MP: 3/3
  2355 | D:2      | Reached XP level 5. HP: 26/47 MP: 4/4
  3389 | D:3      | Noticed Ijyb
  3393 | D:3      | Killed Ijyb
  3397 | D:3      | Reached skill level 6 in Axes
  3629 | D:3      | Reached *** piety under Trog
  3897 | D:3      | Reached XP level 6. HP: 54/55 MP: 5/5
  4095 | D:4      | Reached skill level 1 in Stealth
  4317 | D:4      | Reached skill level 5 in Fighting
  4357 | D:4      | Noticed Grinder
  4364 | D:4      | Killed Grinder
  4365 | D:4      | Reached skill level 7 in Axes
  4365 | D:4      | Reached XP level 7. HP: 57/61 MP: 6/6
  4439 | D:4      | Found a staircase to the Ecumenical Temple.
  4465 | D:4      | Found a sand-covered staircase.
  4474 | Ossuary  | Entered an ossuary
  4493 | Ossuary  | Reached **** piety under Trog
  4874 | D:4      | Reached skill level 8 in Axes
  5058 | D:4      | Noticed Purgy
  5067 | D:4      | Killed Purgy
  5446 | D:5      | Entered Level 5 of the Dungeon
  5453 | D:5      | Reached XP level 8. HP: 63/69 MP: 7/7
  5613 | D:5      | Reached skill level 9 in Axes
  5613 | D:5      | Reached skill level 1 in Throwing
  5779 | D:5      | Noticed Menkaure
  5787 | D:5      | Killed Menkaure
  5788 | D:5      | Reached skill level 5 in Dodging
  6062 | D:5      | Found a runed translucent door.
  6077 | D:5      | Found a runed translucent door.
  6643 | D:5      | Reached skill level 10 in Axes
  6717 | D:5      | Found a glowing golden altar of the Shining One.
  6730 | D:5      | You fall into a shaft and drop 1 floor!
  6802 | D:6      | Reached ***** piety under Trog
  6803 | D:6      | Reached XP level 9. HP: 78/78 MP: 8/8
  6848 | D:6      | Received a gift from Trog
  6880 | D:6      | Noticed Eustachio
  6894 | D:6      | Killed Eustachio
  7998 | D:5      | Reached skill level 11 in Axes
  8669 | D:7      | Found a hide-covered altar of Uskayaw.
  8669 | D:7      | Found a burning altar of Makhleb.
  8923 | D:8      | Found a staircase to the Lair.
  8923 | D:8      | Noticed a komodo dragon
  8940 | D:8      | Gained mutation: You are somewhat resistant to further
                  | mutation. [potion of mutation]
  8940 | D:8      | Gained mutation: You are agile. (Dex +2) [potion of
                  | mutation]
  8946 | D:8      | Killed a komodo dragon
  8966 | D:8      | Found a sparkling altar of Nemelex Xobeh.
  9132 | D:8      | Noticed Gastronok
  9132 | D:8      | Noticed a two-headed ogre
  9148 | D:8      | Killed from afar by Gastronok

Illustrated notes

Levels and vault maps discovered:
D:1:      evilmike_arrival_crescent, layout_basic, corexii_leaking_fountain
D:2:      wander_river, layout_rooms, minmay_pentomino_v4, uniq_jessica
D:3:      layout_basic, uniq_ijyb
D:4:      layout_loops_corners, temple_green, enter_ossuary_4, uniq_purgy,
          uniq_grinder
D:5:      lemuel_insect_pit, layout_layer_cave, lemuel_altar_in_water,
          uniq_menkaure
D:6:      layout_basic, chequers_avenue, bh_walls_and_bars, uniq_eustachio
D:7:      layout_cave_pools, gammafunk_temple_overflow_wave
D:8:      minmay_s_stair_smasher, layout_rooms, minitemple, david_lair_shrubbed,
          grunt_ministairs_14, kennysheep_another_room, uniq_gastronok

Skill      XL: |  1  2  3  4  5  6  7  8  9 |
---------------+----------------------------+-----
Axes           | 4 5 6 7 8 10 11 | 11.8
Fighting       | 4 5 6 8 |  8.1
Dodging        | 3 4 5 |  5.9
Stealth        | 2 3 4 |  4.4
Throwing       | 2 |  2.5
Armour         | 4 |  4.7

Action                   |  1- 3 |  4- 6 |  7- 9 || total
-------------------------+-------+-------+-------++-------
Melee: Hand axe          |    88 |    58 |       ||   146
       Headbutt          |     9 |    25 |    68 ||   102
       War axe           |       |    58 |   247 ||   305
Throw: Boomerang         |       |     5 |    21 ||    26
Invok: Berserk           |     1 |     1 |       ||     2
  Use: Scroll            |       |     3 |     6 ||     9
       Potion            |       |       |    16 ||    16
 Stab: Sleeping          |       |     4 |     8 ||    12
       Distracted        |       |     1 |       ||     1
Armor: Animal skin       |    23 |     3 |       ||    26
       Robe              |       |    11 |    21 ||    32
       Scale mail        |       |       |    38 ||    38
Dodge: Dodged            |    67 |    70 |   228 ||   365
